 Dungeon Crawl Stone Soup version 0.21.1-1-g345015fe64 (webtiles) character file.

435 Gargoyl the Skirmisher (level 6, -3/52 HPs)
             Began as a Centaur Abyssal Knight on May 23, 2018.
             Was a Believer of Lugonu.
             Slain by Natasha (4 damage)
             ... on level 4 of the Dungeon on May 25, 2018.
             The game lasted 00:07:50 (3725 turns).

Gargoyl the Skirmisher (Centaur Abyssal Knight)     Turns: 3725, Time: 00:07:51

Health: -3/52      AC: 10    Str: 15    XL:     6   Next: 68%
Magic:  8/8        EV:  2    Int: 11    God:    Lugonu [**....]
Gold:   272        SH:  0    Dex: 10    Spells: 5/5 levels left

rFire    + . .     SeeInvis .   g - +2 long sword (flame)
rCold    + . .     Gourm    .   (no shield)
rNeg     . . .     Faith    .   t - +0 plate armour
rPois    +         Spirit   .   e - +0 helmet
rElec    .         Reflect  .   q - scarf {rC+ rF+}
rCorr    .         Harm     .   (no gloves)
MR       .....                  (no barding)
Stlth    ..........             (no amulet)
HPRegen  0.17/turn              l - ring of poison resistance
MPRegen  0.11/turn              (no ring)

@: slowed
A: large, hooves 3, deformed body, speed 2, tough skin 3
a: Depart the Abyss, Bend Space, Renounce Religion


You were on level 4 of the Dungeon.
You worshipped Lugonu.
Lugonu was pleased with you.
You were not hungry.

You visited 1 branch of the dungeon, and saw 4 of its levels.
You visited the Abyss 1 time.

You collected 272 gold pieces.

Inventory:

Hand Weapons
 a - a +1 hand axe
 d - a +0 war axe
 g - a +2 long sword of flaming (weapon)
Missiles
 w - 4 tomahawks (quivered)
Armour
 e - a +0 helmet (worn)
 q - a scarf of resistance (worn)
 t - a +0 plate armour (worn)
Jewellery
 l - a ring of poison resistance (left hand)
Scrolls
 m - 4 scrolls of remove curse
 v - 2 scrolls of enchant armour {unknown}
 x - a scroll of teleportation {unknown}
Potions
 f - 2 potions of agility {unknown}
 h - a potion of brilliance {unknown}
 i - 2 potions of cancellation {unknown}
 j - a potion of haste {unknown}
 k - 4 potions of heal wounds
 n - 5 potions of curing
 o - 2 potions of flight {unknown}
 p - a potion of ambrosia {unknown}
 r - 2 potions of lignification {unknown}
 s - a potion of mutation {unknown}
 u - 2 potions of degeneration {unknown}
Books
 b - a book of Callings

   Spells                             Type                      Level
   a - Summon Small Mammal            Summoning                    1
   b - Call Imp                       Summoning                    2
   c - Call Canine Familiar           Summoning                    3
   d - Summon Guardian Golem          Hexes/Summoning              3
   e - Summon Lightning Spire         Summoning/Air                4
   f - Summon Ice Beast               Ice/Summoning                4
Comestibles
 c - 6 rations


   Skills:
 + Level 3.8 Fighting
 + Level 2.8 Long Blades
 + Level 1.8 Axes
 * Level 3.6 Armour
 + Level 1.0 Dodging
 * Level 3.7 Invocations


You had 5 spell levels left.
You didn't know any spells.

Dungeon Overview and Level Annotations

Branches:
Dungeon (4/15)
 Temple: D:4-7

Altars:
Gozag
Okawaru
Wu Jian

Annotations:
D:2 2 transporters
D:4 Natasha


Innate Abilities, Weirdness & Mutations

You have hooves in place of feet.
Armour fits poorly on your strangely shaped body.
You cover ground very quickly.
You have extremely tough skin. (AC +3)


Message History

The magic dart hits you!
The crimson imp shouts, "Scamper home, thou spongy beef-witted clam!"
The orc hits you but does no damage.
You are electrocuted!
* * * LOW HITPOINT WARNING * * *
The orc hits you but does no damage. The orc hits you with a mace.
* * * LOW HITPOINT WARNING * * *
Natasha claws you but does no damage.
You slash Natasha! You burn Natasha.
Natasha is almost dead.
The white imp hits you but does no damage.
The orc hits you but does no damage. x2; Natasha claws you.
* * * LOW HITPOINT WARNING * * *
The orc hits you but does no damage.
You are electrocuted!
* * * LOW HITPOINT WARNING * * *
The orc hits you but does no damage. The white imp gestures at you.
The puff of frost hits you! You resist.
* * * LOW HITPOINT WARNING * * *
The orc hits you but does no damage. Natasha claws you.
You die...

##..# #.# #.# #...# #.#
#.#..
.#..#####.#####.#.## .
................#!. # ..
...........####.#.#.#...
####..####.####.#.#...#
#..# #..............
#..# ######..h##.... #
.# #o@5.5...# ####..#
#ooo##...# ......# #...#
.## #####.# #...# #
#####.# #...# ......#
#...# ####### #>...
....## ##.##. ####.##


You could see Natasha, a crimson imp, a white imp and 4 orcs.

Vanquished Creatures
  A crimson imp (D:3)
  A hound (D:4)
  2 orc wizards (D:4)
  An iguana (D:4)
  Natasha (D:4)
  4 worker ants (D:4)
  3 adders
  3 gnolls (D:2)
  An ooze (D:4)
  An adder skeleton (D:4)
  2 worms (D:2)
  3 dart slugs
  6 leopard geckos
  7 orcs
  2 ball pythons (D:4)
  9 bats
  8 giant cockroaches
  4 goblins
  7 hobgoblins
  7 jackals
  5 kobolds
  3 quokkas
  7 frilled lizards
  8 rats
96 creatures vanquished.

Notes
Turn   | Place    | Note
-------+----------+-------------------------------------------
     0 | Abyss:1  | Gargoyl the Centaur Abyssal Knight began the quest for the Orb.
     0 | Abyss:1  | Reached XP level 1. HP: 19/19 MP: 2/2
     2 | Abyss:1  | Found a corrupted altar of Lugonu.
    39 | Abyss:1  | Noticed a bone dragon
    43 | Abyss:1  | Noticed a large abomination
    75 | Abyss:1  | Noticed a quasit
    94 | Abyss:1  | Noticed a large abomination
    96 | Abyss:1  | Noticed a large abomination
   128 | Abyss:2  | Noticed a large abomination
   156 | Abyss:2  | Noticed a small abomination
   160 | Abyss:2  | Noticed an efreet
   164 | D:1      | Escaped the Abyss
   227 | D:1      | Reached XP level 2. HP: 12/26 MP: 3/3
   337 | D:1      | Reached * piety under Lugonu
   740 | D:1      | Reached XP level 3. HP: 30/31 MP: 4/4
  1529 | D:2      | Reached skill level 1 in Long Blades
  1676 | D:2      | Reached ** piety under Lugonu
  1691 | D:2      | Reached XP level 4. HP: 31/38 MP: 5/5
  1876 | D:2      | Found a transporter.
  1886 | D:2      | Noticed an orc warrior
  1889 | D:2      | Noticed a centaur
  2237 | D:2      | Found an iron altar of Okawaru.
  2239 | D:2      | Found an ornate altar of the Wu Jian Council.
  2239 | D:2      | Noticed an eye of draining
  2247 | D:2      | Found a transporter.
  2429 | D:3      | Reached skill level 1 in Dodging
  2429 | D:3      | Reached XP level 5. HP: 44/45 MP: 6/6
  2830 | D:3      | Found an opulent altar of Gozag.
  3360 | D:4      | Reached XP level 6. HP: 34/52 MP: 8/8
  3618 | D:4      | Noticed Natasha
  3626 | D:4      | Killed Natasha
  3714 | D:4      | Noticed Natasha
  3725 | D:4      | HP: 2/52 [orc/falchion of electrocution (9)]
  3725 | D:4      | Slain by Natasha

Skill      XL: |  1  2  3  4  5 |
---------------+----------------+-----
Armour         | 2 3 |  3.6
Long Blades    | 1 2 |  2.8
Dodging        | 1 |  1.0
Invocations    | 3 |  3.7
Fighting       | |  3.8
Axes           | |  1.8

Action                   |  1- 3 |  4- 6 || total
-------------------------+-------+-------++-------
Melee: Long sword        |    92 |   134 ||   226
       Kick              |    16 |    24 ||    40
Invok: Depart the Abyss  |     1 |       ||     1
  Use: Scroll            |     4 |     7 ||    11
 Stab: Distracted        |     1 |       ||     1
  Eat: Chunk             |     2 |     5 ||     7
Armor: Scale mail        |   119 |    28 ||   147
       Leather armour    |     3 |       ||     3
       Plate armour      |       |    93 ||    93
Dodge: Dodged            |    87 |    47 ||   134
       Rpst.: Long sword |    27 |    14 ||    41
